 Dungeon Crawl Stone Soup version 0.23.2-1-ga50397a6bc (webtiles) character file.

Game seed: 11556889993239803030

3256 Revguard the Cleaver (level 10, 0/86 HPs)
             Began as a Hill Orc Fighter on Apr 30, 2019.
             Was a Follower of Makhleb.
             Slain by a killer bee (6 damage)
             ... on level 8 of the Dungeon.
             The game lasted 00:25:16 (10861 turns).

Revguard the Cleaver (Hill Orc Fighter)            Turns: 10861, Time: 00:25:17

Health: 0/86       AC: 20    Str: 21    XL:     10   Next: 0%
Magic:  13/13      EV:  5    Int:  9    God:    Makhleb [*.....]
Gold:   451        SH: 11    Dex: 12    Spells: 9/9 levels left

rFire    . . .     SeeInvis +   a - +1 war axe
rCold    . . .     Gourm    .   c - +1 shield
rNeg     . . .     Faith    .   r - +0 plate armour
rPois    .         Spirit   .   p - +0 helmet
rElec    .         Reflect  .   g - +0 cloak
rCorr    .         Harm     .   n - +0 pair of gloves
MR       .....                  h - +2 pair of boots
Stlth    ..........             (no amulet)
HPRegen  0.24/turn              i - +3 ring of intelligence
MPRegen  0.13/turn              t - ring of flight

@: very slightly contaminated, invisible
A: see invisible, dopey 1
a: Renounce Religion, Evoke Flight


You were on level 8 of the Dungeon.
You worshipped Makhleb.
Makhleb was aware of your devotion.
You were not hungry.

You visited 2 branches of the dungeon, and saw 9 of its levels.

You collected 451 gold pieces.

Inventory:

Hand Weapons
 a - a +1 war axe (weapon)
Armour
 c - a +1 shield (worn)
 g - a +0 cloak (worn)
 h - a +2 pair of boots (worn)
 n - a +0 pair of gloves (worn)
 p - a +0 helmet (worn)
 r - a +0 plate armour (worn)
Jewellery
 i - a +3 ring of intelligence (left hand)
 t - a ring of flight (right hand)
 w - an uncursed ring of see invisible
 y - a -3 ring of strength
Wands
 b - a wand of random effects (14)
 k - a wand of paralysis (7)
 m - a wand of polymorph (11)
 C - a wand of digging (4)
Scrolls
 e - 2 scrolls of immolation
 l - a scroll of remove curse
 s - a scroll of blinking
 v - 2 scrolls of teleportation
 D - a scroll of fog {unknown}
Potions
 d - 2 potions of might
 j - 2 potions of haste
 o - 3 potions of agility
 q - a potion of invisibility
 x - a potion of magic
 z - a potion of brilliance
Comestibles
 f - 9 rations
 B - 3 chunks of flesh


   Skills:
 + Level 7.3 Fighting
 + Level 11.8 Axes
 + Level 7.1 Armour
 + Level 1.6 Dodging
 + Level 6.5 Shields
 * Level 4.3 Invocations


You had 9 spell levels left.
You didn't know any spells.
Your spell library contained the following spells:

 Spells                   Type           Power        Failure   Level  Hunger
 Animate Skeleton         Necr           N/A          100%        1    ##.....
 Apportation              Tloc           #.....       100%        1    ##.....
 Confusing Touch          Hex            #.....       100%        1    ##.....
 Pain                     Necr           #...         100%        1    ##.....
 Summon Small Mammal      Summ           #...         100%        1    ##.....
 Corpse Rot               Necr           N/A          100%        2    ###....
 Sublimation of Blood     Necr           #.........   100%        2    ###....
 Regeneration             Chrm/Necr      #.........   100%        3    ####...


Dungeon Overview and Level Annotations

Branches:
Dungeon (8/15)             Temple (1/1) D:6
   Lair: D:8-11

Altars:
Ashenzari
Cheibriados
Dithmenos
Elyvilon
Fedhas
Gozag
Hepliaklqana
Kikubaaqudgha
Makhleb
Nemelex Xobeh
Okawaru
Qazlal
Ru
Sif Muna
Trog
Uskayaw
Vehumet
Wu Jian
Xom
Yredelemnul
Zin
The Shining One

Annotations:
D:7 Dowan


Innate Abilities, Weirdness & Mutations

You have supernaturally acute eyesight. (SInv)
You are dopey. (Int -2)


Message History

You feel sick.
The killer bee buzzes angrily. x3
The killer bee stings you.
* * * LOW HITPOINT WARNING * * *
A bullfrog comes into view.
Some of the chunks of flesh in your inventory have rotted away.
Your plate armour prevents you from hitting the killer bee.
The killer bee buzzes angrily. x2
The bullfrog gives a loud, deep croak!
The killer bee buzzes angrily. x2
You block the killer bee's attack.
A crocodile comes into view.
You barely miss the killer bee.
The bullfrog croaks.
The killer bee buzzes angrily. x2
The killer bee stings you.
* * * LOW HITPOINT WARNING * * *
The killer bee stings you but does no damage.
You feel better.
The killer bee buzzes angrily.
You block the killer bee's attack. The killer bee stings you.
You die...

### #.# #.#
#@# #y##
#yy#####
##FS....#
#.y:......
#....(....
...t......
...........
......####.#


You could see a crocodile (wandering), a bullfrog (wandering), 4 killer bees and
an adder.

Vanquished Creatures
  Pikel (D:5)
  Grinder (D:3)
  Sigmund (D:3)
  2 ice beasts (D:7)
  A sky beast (D:8)
  A hornet zombie (D:7)
  2 phantoms
  3 ogres
  A centaur (D:5)
  2 hippogriff zombies (D:7)
  2 gnoll sergeants
  3 bullfrogs
  A komodo dragon skeleton (D:7)
  A water moccasin zombie (D:7)
  2 scorpions (D:6)
  A yak zombie (D:7)
  A killer bee (D:8)
  A troll skeleton (D:6)
  4 howler monkeys
  A crimson imp (D:6)
  A black bear zombie (D:5)
  A quasit (D:8)
  2 hounds
  An orc priest (D:7)
  12 orc wizards
  Jessica (D:3)
  3 centaur skeletons
  5 worker ants
  A killer bee zombie (D:8)
  An acid dragon skeleton (D:7)
  A big kobold skeleton (D:7)
  3 ogre skeletons
  3 hound skeletons
  A gnoll zombie (D:7)
  14 adders
  13 gnolls
  A howler monkey skeleton (D:7)
  2 oozes
  2 adder zombies (D:7)
  An iguana zombie (D:6)
  An orc zombie (D:5)
  An adder skeleton (D:7)
  2 worms
  6 dart slugs
  A leopard gecko (D:2)
  25 orcs
  3 giant cockroaches
  5 goblins
  10 hobgoblins
  6 jackals (D:7)
  6 kobolds
  3 quokkas (D:3)
  8 bats
  3 frilled lizards
  A frilled lizard zombie (D:7)
  2 giant cockroach zombies
  A goblin skeleton (D:7)
  2 goblin zombies
  2 hobgoblin skeletons (D:7)
  2 jackal zombies (D:7)
  2 leopard gecko skeletons
  6 orc skeletons
  A quokka skeleton (D:7)
  A quokka zombie (D:7)
  24 rats
225 creatures vanquished.

Notes
Turn   | Place    | Note
-------+----------+-------------------------------------------
     0 | D:1      | Revguard the Hill Orc Fighter began the quest for the Orb.
     0 | D:1      | Reached XP level 1. HP: 19/19 MP: 1/1
    73 | D:1      | Reached XP level 2. HP: 18/27 MP: 2/2
   147 | D:1      | Reached skill level 3 in Axes
   349 | D:1      | Reached XP level 3. HP: 33/33 MP: 3/3
  1047 | D:2      | Reached XP level 4. HP: 26/40 MP: 4/4
  1110 | D:2      | Reached skill level 4 in Axes
  1317 | D:2      | Found a shadowy altar of Dithmenos.
  1675 | D:3      | Noticed Jessica
  1683 | D:3      | Killed Jessica
  1683 | D:3      | Reached XP level 5. HP: 33/47 MP: 5/5
  1828 | D:3      | Noticed Sigmund
  1839 | D:3      | Killed Sigmund
  1839 | D:3      | Reached skill level 6 in Axes
  1839 | D:3      | Reached XP level 6. HP: 45/53 MP: 6/6
  1918 | D:3      | Found a faded altar of an unknown god.
  1984 | D:3      | Became a worshipper of Kikubaaqudgha
  1984 | D:3      | Reached * piety under Kikubaaqudgha
  1984 | D:3      | Identified Kikubaaqudgha's Guide on Necromancy
                  | (Kikubaaqudgha gifted it to you on level 3 of the Dungeon)
  1984 | D:3      | Received a gift from Kikubaaqudgha
  4892 | D:3      | Fell from the grace of Kikubaaqudgha
  5079 | D:3      | Noticed Grinder
  5096 | D:3      | Killed Grinder
  5096 | D:3      | Reached skill level 5 in Armour
  5096 | D:3      | Reached XP level 7. HP: 38/60 MP: 7/7
  5215 | D:3      | Reached skill level 5 in Fighting
  5392 | D:4      | Reached skill level 7 in Axes
  5441 | D:4      | Found a snail-covered altar of Cheibriados.
  6036 | D:4      | Found a hazy altar of Hepliaklqana.
  6214 | D:5      | Entered Level 5 of the Dungeon
  6285 | D:5      | Noticed Pikel
  6292 | D:5      | Killed Pikel
  6292 | D:5      | Reached skill level 9 in Axes
  6292 | D:5      | Reached skill level 1 in Dodging
  6292 | D:5      | Reached skill level 5 in Shields
  6292 | D:5      | Reached XP level 8. HP: 59/68 MP: 8/8
  6349 | D:5      | Found a stormy altar of Qazlal.
  6570 | D:5      | Found a glowing golden altar of the Shining One.
  7025 | D:6      | Found a white marble altar of Elyvilon.
  7103 | D:6      | Found a snail-covered altar of Cheibriados.
  7122 | D:6      | Reached skill level 10 in Axes
  7136 | D:6      | Reached XP level 9. HP: 39/74 MP: 9/9
  7137 | D:6      | Found a staircase to the Ecumenical Temple.
  7156 | Temple   | Entered the Ecumenical Temple
  7417 | Temple   | Became a worshipper of Makhleb the Destroyer
  7555 | D:6      | Got a crystal mace
  7556 | D:6      | Identified the +7 mace "Vouxaymm" {pain, rElec MR+} (You
                  | found it on level 6 of the Dungeon)
  8080 | D:6      | Noticed a soul eater
  8483 | D:6      | Reached skill level 1 in Invocations
  9244 | D:7      | Gained mutation: You are dopey. (Int -2) [potion of
                  | mutation]
  9244 | D:7      | Gained mutation: You have supernaturally acute eyesight.
                  | (SInv) [potion of mutation]
  9245 | D:7      | Noticed Dowan
 10152 | D:7      | Reached skill level 11 in Axes
 10202 | D:7      | Found an ornate altar of the Wu Jian Council.
 10634 | D:7      | Was forgiven by Kikubaaqudgha
 10694 | D:8      | Reached * piety under Makhleb
 10802 | D:8      | Found a deep blue altar of Sif Muna.
 10817 | D:8      | Noticed a two-headed ogre
 10820 | D:8      | Noticed a deep elf archer
 10855 | D:8      | Reached XP level 10. HP: 11/86 MP: 13/13
 10860 | D:8      | HP: 1/86 [killer bee (5)]
 10861 | D:8      | Slain by a killer bee

Skill      XL: |  1  2  3  4  5  6  7  8  9 |
---------------+----------------------------+-----
Axes           | 3 4 6 9 10 11 | 11.8
Fighting       | 4 5 6 7 |  7.3
Armour         | 4 5 6 7 |  7.1
Shields        | 4 5 6 |  6.5
Dodging        | 1 |  1.6
Invocations    | 4 |  4.3

Action                   |  1- 3 |  4- 6 |  7- 9 | 10-12 || total
-------------------------+-------+-------+-------+-------++-------
Melee: War axe           |   114 |   201 |   529 |     2 ||   846
Invok: Renounce Religion |       |     1 |       |       ||     1
Evoke: Wand              |       |       |     2 |       ||     2
  Use: Potion            |     3 |     2 |    10 |     1 ||    16
       Scroll            |       |       |    19 |       ||    19
 Stab: Distracted        |       |     1 |       |       ||     1
       Invisible         |       |       |     3 |       ||     3
  Eat: Chunk             |       |     4 |    15 |       ||    19
       Ration            |       |     3 |     1 |       ||     4
Armor: Scale mail        |    22 |       |       |       ||    22
       Chain mail        |    55 |   139 |   167 |       ||   361
       Plate armour      |       |       |   245 |     1 ||   246
Dodge: Dodged            |    29 |    53 |   116 |       ||   198
Block: Shield            |    49 |    89 |   337 |     2 ||   477
